 Dungeon Crawl Stone Soup version 0.31-a0-233-g139696dc86 (webtiles) character file.

Game seed: 3109943731852233408

199 Decritt the Grave Robber (level 5, -2/30 HPs)
             Began as a Deep Elf Necromancer on July 8, 2023.
             Slain by Grinder (6 damage)
             ... on level 3 of the Dungeon.
             The game lasted 00:08:04 (3007 turns).

Decritt the Grave Robber (Deep Elf Necromancer)     Turns: 3007, Time: 00:08:05

Health: -2/30      AC:  6    Str:  5    XL:     5   Next: 48%
Magic:  14/14      EV: 18    Int: 22    God:
Gold:   104        SH:  0    Dex: 15    Spells: 9/13 levels left

rFire   . . .        v - +2 quarterstaff (chaos)
rCold   . . .        (shield currently unavailable)
rNeg    . . .        a - +0 robe
rPois   .            c - +0 helmet
rElec   .            e - +0 cloak
rCorr   .            m - +0 pair of gloves
SInv    .            f - +0 pair of boots
Will    .....        (no amulet)
Stlth   ++           d - +5 ring of evasion
HPRegen 0.25/turn    (no ring)
MPRegen 0.14/turn

%: no passive effects
@: no status effects
A: no striking features
a: no special abilities


You were on level 3 of the Dungeon.
You visited 1 branch of the dungeon, and saw 3 of its levels.

You collected 104 gold pieces.

Inventory:

Hand Weapons
 v - a +2 quarterstaff of chaos (weapon)
Armour
 a - a +0 robe (worn)
 c - a +0 helmet (worn)
 e - a +0 cloak (worn)
 f - a +0 pair of boots (worn)
 m - a +0 pair of gloves (worn)
Jewellery
 d - a +5 ring of evasion (left hand)
 g - a ring of fire
Potions
 b - a potion of magic
 h - a potion of lignification {unknown}
 j - 2 potions of brilliance
 l - 2 potions of curing
 n - a potion of resistance
 q - a potion of enlightenment {unknown}
 s - a potion of degeneration {unknown}


   Skills:
 * Level 2.0 Fighting
 + Level 3.5 Dodging
 - Level 2.4 Stealth
 * Level 4.8 Spellcasting
 * Level 5.9 Necromancy


You had 9 spell levels left.
You knew the following spells:

 Your Spells              Type           Power      Damage    Failure   Level
a - Necrotise             Necr           100%       1d9       1%          1
b - Vampiric Draining     Necr           31%        2d8       2%          3

Your spell library contained the following spells:

 Spells                   Type           Power      Damage    Failure   Level
 Animate Dead             Necr           31%        N/A       9%          4
 Apportation              Tloc           10%        N/A       11%         1
 Agony                    Necr           31%        N/A       24%         5
 Alistair's Intoxication  Tmut/Pois      3%         N/A       96%         5


Dungeon Overview and Level Annotations

Branches:
Dungeon (3/15)

Altars:

Annotations:
D:3 Grinder


Message History

Grinder hits you but does no damage. Grinder hits you.
You writhe in agony.
Grinder hits you. x2
You can move again.
You closely miss Grinder. Grinder completely misses you.
Unknown command.
You thump Grinder!
Grinder is lightly wounded.
Grinder hits you!
* * * LOW HITPOINT WARNING * * *
You writhe in agony.
* * * LOW HITPOINT WARNING * * *
You feel much better. Grinder completely misses you.
You hit Grinder but do no damage.
Grinder goes berserk!
Grinder is lightly wounded.
Grinder closely misses you. Grinder barely misses you.
You hit Grinder but do no damage.
Grinder is lightly wounded.
Grinder completely misses you. Grinder hits you.
You writhe in agony.
You closely miss Grinder.
Grinder is lightly wounded.
Grinder misses you. x2
You closely miss Grinder.
Grinder is lightly wounded.
Grinder hits you but does no damage. Grinder hits you!
* * * LOW HITPOINT WARNING * * *
You writhe in agony.
* * * LOW HITPOINT WARNING * * *
Casting: Vampiric Draining (dangerous; 2% risk of failure)
Confirm with . or Enter, or press ? or * to list all spells.
You can't see any susceptible monsters within range! (Use Z to cast anyway.)
Press: ? - help, v - describe, . - travel
Here: Grinder (lightly wounded, berserk)
The floor.
You feel better. Grinder misses you. Grinder hits you!
* * * LOW HITPOINT WARNING * * *
You feel better. Grinder hits you.
* * * LOW HITPOINT WARNING * * *
You writhe in agony.
You die...

#.# ##..#
#...# #...#
##### #...#
#...# #.⌠.#
#.<.###...####
#............#
###..@5....8.#
#..........#
#.......####
.........#
.8........#
#............
####...###.>.#
#.⌠.# ...#


You could see Grinder (berserk).

Vanquished Creatures
  Crazy Yiuf (D:2)
  An orc priest (D:3)
  Natasha (thrice) (D:2)
  3 worms (D:2)
  2 dart slugs (D:1)
  2 orcs
  6 ball pythons
  3 endoplasms (D:1)
  4 giant cockroaches
  2 goblins (D:1)
  3 hobgoblins
  5 jackals
  A quokka (D:1)
  5 bats
  2 frilled lizards
  5 kobolds
  5 rats
53 creatures vanquished.

Vanquished Creatures (collateral kills)
  An endoplasm (D:1)
  A jackal (D:1)
  A frilled lizard (D:2)
3 creatures vanquished.

Grand Total: 56 creatures vanquished

Notes
Turn   | Place    | Note
-------+----------+-------------------------------------------
     0 | D:1      | Decritt the Deep Elf Necromancer began the quest for the
                  | Orb.
     0 | D:1      | Reached XP level 1. HP: 10/10 MP: 6/6
   145 | D:1      | Reached skill level 5 in Necromancy
   145 | D:1      | Reached XP level 2. HP: 16/16 MP: 5/8
   508 | D:1      | Reached skill level 1 in Fighting
   603 | D:1      | Reached XP level 3. HP: 17/20 MP: 7/10
  1159 | D:2      | Learned a level 3 spell: Vampiric Draining
  1260 | D:2      | Found a runed translucent door.
  1262 | D:2      | Noticed Crazy Yiuf
  1674 | D:2      | Noticed Natasha
  1683 | D:2      | Killed Natasha
  1684 | D:2      | Reached XP level 4. HP: 25/25 MP: 6/12
  2171 | D:2      | Noticed Natasha
  2177 | D:2      | Killed Natasha
  2274 | D:2      | Killed Crazy Yiuf
  2275 | D:2      | Reached XP level 5. HP: 18/30 MP: 1/13
  2903 | D:2      | Noticed Natasha
  2909 | D:2      | Killed Natasha
  2972 | D:3      | Noticed Grinder
  2994 | D:3      | Paralysed by Grinder for 5 turns
  3006 | D:3      | HP: 1/30 [Grinder (14)]
  3007 | D:3      | Slain by Grinder

Illustrated notes

Levels and vault maps discovered:
D:1:      amcnicky_arrival_gap_in_the_tavern_cellar, layout_basic,
          dreamdust_princess_bridge, kennysheep_doodads, minmay_circled_x
D:2:      layout_loops_corners, uniq_crazy_yiuf_cottage, uniq_natasha
D:3:      layout_loops_cross, serial_shops, nicolae_shop_getting_attention,
          chequers_ecumenical_altar_simple_redux,
          chequers_serial_rivers_micro_d, nicolae_elevator_lobby_asterisk,
          uniq_grinder

Skill      XL: |  1  2  3  4  5 |
---------------+----------------+-----
Necromancy     | 5 |  5.9
Fighting       | 1 2 |  2.0
Dodging        | 3 |  3.5
Spellcasting   | 4 |  4.8
Stealth        | |  2.4

Action                     |  1- 3 |  4- 6 || total
---------------------------+-------+-------++-------
  Melee: Dagger            |     2 |       ||     2
         Quarterstaff      |       |     7 ||     7
   Cast: Necrotise         |    70 |    27 ||    97
         Vampiric Draining |     2 |     8 ||    10
    Use: Scroll            |       |     8 ||     8
         Potion            |       |     3 ||     3
 Armour: Robe              |     6 |     4 ||    10
  Dodge: Dodged            |    15 |    11 ||    26

Table legend: (Time is in decaauts)
 A = Elapsed time spent in this place.
 B = Non-inter-level travel time spent in this place.
 C = Inter-level travel time spent in this place.
 D = Time resting spent in this place.
 E = Time spent auto-exploring this place.
 F = Levels seen in this place.
 G = Mean time per level.
                   A        B        C        D        E       F      G
               +--------+--------+--------+--------+--------+-----+--------+
         Total |   3013 |   2947 |     66 |    314 |   2117 |   3 | 1004.3 |
       Dungeon |   3013 |   2947 |     66 |    314 |   2117 |   3 | 1004.3 |
               +--------+--------+--------+--------+--------+-----+--------+

Top non-repeatable levels by time:
     D:2: 1838 daAuts
     D:1: 1091 daAuts
     D:3: 83 daAuts
